 Dungeon Crawl Stone Soup version 0.19-a0-957-gf4ea323 (webtiles) character file.

12801 CcS the Martial Artist (level 11, -3/93 HPs)
             Began as an Octopode Transmuter on July 10, 2016.
             Was an Elder of Cheibriados.
             Slain by a seven-headed hydra (4 damage)
             ... on level 1 of the Lair of Beasts.
             The game lasted 00:26:16 (15499 turns).

CcS the Martial Artist (Octopode Transmuter)       Turns: 15499, Time: 00:26:16

Health: -3/93      AC:  8    Str: 16    XL:     11   Next: 99%
Magic:  11/14      EV: 15    Int: 28    God:    Cheibriados [****..]
Gold:   862        SH:  0    Dex: 28    Spells: 5 memorised, 0 levels left

rFire  x . .     SeeInvis .       - Unarmed
rCold  + + +     Gourm    .     (shield currently unavailable)
rNeg   . . .     Faith    .     (helmet currently unavailable)
rPois  +         Spirit   .     L - amulet of dismissal
rElec  .         Dismiss  +     m - ring of flight {+Fly, !d}
rCorr  +         Reflect  .     u - +6 ring of dexterity
SustAt .         Harm     .     s - ring of poison resistance {rPois, !d}
MR     .....     Rnd*Rage +     (no ring)
Stlth  ++++......               I - ring of protection from cold {rC+, !d}
                                x - ring of resist corrosion
                                (no ring)
                                (no ring)

@: ice-form, very slow, not resistant to hostile enchantments, stealthy
A: almost no armour, amphibious, 8 rings, (constrict 8), (tentacle spike 0),
(camouflage 0), berserk 1, weak 1, wild magic 1, (gelatinous body 0)
a: End Transformation, Bend Time, Temporal Distortion, Slouch, Renounce
Religion, Evoke Flight


You were on level 1 of the Lair of Beasts.
You worshipped Cheibriados.
Cheibriados was greatly pleased with you.
You were not hungry.
You were a creature of crystalline ice.
You visited 3 branches of the dungeon, and saw 13 of its levels.
You also visited: Ossuary.

You collected 896 gold pieces.
You spent 34 gold pieces at shops.

Inventory:

Missiles
 a - 110 arrows
 h - 2 throwing nets {=f, !d}
 A - 7 curare-tipped needles
Armour
 y - a +1 shield
   (You found it on level 5 of the Dungeon)
 K - a +0 buckler
   (You found it on level 7 of the Dungeon)
Jewellery
 m - a ring of flight (left front paw) {+Fly, !d}
   (You found it on level 2 of the Dungeon)
 s - a ring of poison resistance (on tentacle) {rPois, !d}
   (You found it on level 4 of the Dungeon)
 u - a +6 ring of dexterity (right front paw)
   (You found it on level 4 of the Dungeon)
 x - a ring of resist corrosion (on tentacle)
   (You found it on level 5 of the Dungeon)
 I - a ring of protection from cold (on tentacle) {rC+, !d}
   (You found it on level 6 of the Dungeon)
 L - an amulet of dismissal (around neck)
   (You found it on level 7 of the Dungeon)
Wands
 w - a wand of confusion (24/48)
   (You found it on level 9 of the Dungeon)
 P - a wand of paralysis (8/24)
   (You found it on level 11 of the Dungeon)
Scrolls
 e - 6 scrolls of teleportation
 i - 2 scrolls of immolation {!r}
 j - a scroll of amnesia
 o - 2 scrolls of magic mapping {!r}
 p - 2 scrolls of enchant weapon
 r - 3 scrolls of identify
 B - a scroll of remove curse
 D - 2 scrolls of enchant armour
Potions
 d - 2 potions of invisibility
 f - 3 potions of curing
 k - 2 potions of cancellation
 n - 2 potions of berserk rage {!q}
 q - a potion of lignification {!q}
 v - 2 potions of flight
 z - 8 potions of haste
 C - 3 potions of magic
 E - 2 potions of resistance
 G - 2 potions of ambrosia
 H - a potion of might
 J - a potion of agility
Books
 b - a book of Changes
 F - a book of Burglary
   (You found it on level 10 of the Dungeon)
 M - a book of Necromancy
   (You found it on level 11 of the Dungeon)
Comestibles
 c - 4 bread rations {@e1}
 g - 7 meat rations {@e2}
 l - 10 slices of pizza
 O - a beef jerky


   Skills:
 - Level 8.5 Fighting
 - Level 5.7 Dodging
 - Level 5.3 Stealth
 * Level 12.6 Unarmed Combat
 - Level 2.0 Spellcasting
 + Level 1.9 Translocations
 - Level 8.1 Transmutations
 - Level 6.1 Ice Magic
 + Level 3.1 Invocations


You couldn't memorise any spells.
You knew the following spells:

 Your Spells              Type           Power        Failure   Level  Hunger
a - Beastly Appendage     Tmut           ######       1%          1    None
b - Sticks to Snakes      Tmut           ######..     1%          2    ##.....
c - Spider Form           Tmut/Pois      ####......   10%         3    ###....
d - Ice Form              Ice/Tmut       ######..     10%         4    ####...
e - Passage of Golubria   Tloc           N/A          58%         4    ####...


Dungeon Overview and Level Annotations

Branches:
Dungeon (11/15)            Temple (1/1) D:7            Lair (1/6) D:11
    Orc (0/2) D:11

Altars:
Ashenzari
Cheibriados
Dithmenos
Elyvilon
Fedhas
Gozag
Hepliaklqana
Kikubaaqudgha
Makhleb
Nemelex Xobeh
Okawaru
Pakellas
Qazlal
Ru
Sif Muna
Trog
Uskayaw
Vehumet
Xom
Yredelemnul
Zin
The Shining One

Shops:
D:6 *   D:7 (


Innate Abilities, Weirdness & Mutations

You cannot wear most types of armour.
You are amphibious.
You can wear up to eight rings at the same time.
((You can use your tentacles to constrict eight enemies at once.))
((Your skin changes colour to match your surroundings (Stealth+).))
((Your rubbery body absorbs attacks. (AC +1)))
((One of your tentacles bears a spike.))
You tend to lose your temper in combat.
You are weak. (Str -2)
Your spells are a little harder to cast, but a little more powerful.


Message History

Cheibriados thoroughly appreciates the change of pace.
Unknown command.
Unknown command.
There is a staircase back to the Dungeon here.
Unknown command.
The komodo dragon closely misses you.
You climb upwards.
Welcome back to the Dungeon!
There is a staircase to the Lair here.
Unknown command.
You barely miss the komodo dragon.
The komodo dragon bites you but does no damage.
You hit the komodo dragon.
The komodo dragon seems to slow down.
You freeze the komodo dragon. You hit the komodo dragon.
You freeze the komodo dragon. The komodo dragon bites you.
You take 3 damage, and have 90/93 hp.
You hit the komodo dragon.
The komodo dragon seems to slow down.
You freeze the komodo dragon. The komodo dragon closely misses you.
You hit the komodo dragon but do no damage.
You pummel the komodo dragon!!
The komodo dragon seems to slow down.
You freeze the komodo dragon.
The komodo dragon bites you but does no damage.
You pummel the komodo dragon!!
The komodo dragon seems to slow down.
You freeze the komodo dragon.
You kill the komodo dragon!
Cheibriados appreciates the change of pace.
No target in view!
No target in view!
You start resting.
Health restored: 93; MP restored: 14 Unknown command.
Unknown command.
You start waiting.
Your transformation is almost over.
You start waiting.
You warm up again.
You now have 78/78 hp.
Unknown command.
You turn into a creature of crystalline ice.
You now have 93/93 hp.
Unknown command.
You climb downwards.
Welcome to the Lair of Beasts!
Level annotation: exclusion: hydra The seven-headed hydra roars!
There is a staircase back to the Dungeon here.
Unknown command.
The seven-headed hydra bites you! The seven-headed hydra bites you. x2
The seven-headed hydra bites you!
The seven-headed hydra bites you but does no damage.
The seven-headed hydra barely misses you.
The seven-headed hydra bites you.
You take 38 damage, and have 55/93 hp.
MASSIVE DAMAGE!!
You punch the seven-headed hydra!
The seven-headed hydra seems to slow down.
You freeze the seven-headed hydra.
Unknown command.
You pummel the seven-headed hydra!!
The seven-headed hydra seems to slow down.
You freeze the seven-headed hydra! The seven-headed hydra misses you.
The seven-headed hydra barely misses you. x2
The seven-headed hydra closely misses you.
The seven-headed hydra bites you! The seven-headed hydra bites you.
The seven-headed hydra closely misses you.
You take 8 damage, and have 47/93 hp.
Unknown command.
You hit the seven-headed hydra.
The seven-headed hydra seems to slow down.
You freeze the seven-headed hydra.
Unknown command.
You fail to use your ability.
The seven-headed hydra bites you. x4; The seven-headed hydra bites you!
* * * LOW HITPOINT WARNING * * *
The seven-headed hydra bites you.
* * * LOW HITPOINT WARNING * * *
The seven-headed hydra bites you.
* * * LOW HITPOINT WARNING * * *
You take 30 damage, and have 17/93 hp.
MASSIVE DAMAGE!!
Okay, then.
Okay, then.
You feel much better. The crocodile closely misses you.
The seven-headed hydra bites you!
* * * LOW HITPOINT WARNING * * *
The seven-headed hydra barely misses you.
The seven-headed hydra bites you.
* * * LOW HITPOINT WARNING * * *
The seven-headed hydra bites you.
* * * LOW HITPOINT WARNING * * *
The seven-headed hydra bites you.
* * * LOW HITPOINT WARNING * * *
The seven-headed hydra barely misses you. x2
You take 5 damage, and have 12/93 hp.
Okay, then.
You fail to use your ability.
The crocodile bites you!
* * * LOW HITPOINT WARNING * * *
The seven-headed hydra barely misses you.
The seven-headed hydra bites you.
You die...

..# #..###
#####.....#.
....≈≈≈....
###..≈≈≈≈≈...
#...≈≈≈≈≈≈≈..
##.#....D≈≈≈≈≈≈.
.......tY≈≈≈≈≈≈.
#.......<≈≈≈≈≈≈.
....##....≈≈≈≈≈.
..? ##.≈≈≈≈≈≈≈.
. ##..≈≈≈≈..
##.≈!....
....... .......
.......


You could see a seven-headed hydra and a crocodile.

Vanquished Creatures
  4 hill giants
  An orc knight (D:10)
  Pikel (D:7)
  Joseph (D:7)
  A komodo dragon (D:11)
  4 trolls
  A two-headed ogre (D:10)
  A shadow (D:8)
  A yak (D:8)
  A human (D:8)
  A hungry ghost (D:9)
  A steam dragon (D:7)
  A hippogriff (D:10)
  13 howler monkeys
  2 wargs (D:11)
  The ghost of CcS the Insei, an amateur OpTm (D:4)
  4 black bears
  6 ice beasts
  5 sky beasts
  4 orc warriors
  2 slaves
  An eye of draining (D:10)
  2 phantoms (D:7)
  A necrophage (D:6)
  12 ogres
  4 centaurs
  A crocodile (D:9)
  A big kobold (D:9)
  4 giant frogs
  4 scorpions
  6 killer bees (D:9)
  An electric eel (Lair:1)
  4 crimson imps (D:6)
  3 quasits
  A jelly (D:3)
  2 hounds
  2 giant frog skeletons
  8 orc priests
  10 orc wizards
  An iguana (D:6)
  A hell rat (D:6)
  7 worker ants
  A killer bee zombie (D:7)
  3 sheep (D:8)
  9 mummies
  A howler monkey skeleton (D:7)
  6 gnolls
  20 adders
  9 river rats
  2 oozes
  An adder zombie (D:8)
  3 worms
  5 dart slugs
  5 giant geckos
  55 orcs
  3 ball pythons
  11 bats
  5 giant cockroaches
  10 goblins
  15 hobgoblins
  22 jackals
  10 kobolds
  4 quokkas
  A ball python zombie (D:5)
  A giant cockroach zombie (D:5)
  6 giant newts
  3 gnoll zombies (Ossuary)
  2 goblin zombies (D:6)
  3 hobgoblin zombies (Ossuary)
  A jackal skeleton (D:6)
  2 orc zombies (Ossuary)
  2 quokka skeletons
  25 rats
  4 plants (D:5)
382 creatures vanquished.

Vanquished Creatures (others)
  An ugly thing (D:7)
  2 slaves (D:7)
  4 orcs (D:8)
  A plant (D:5)
8 creatures vanquished.

Grand Total: 390 creatures vanquished

Notes
Turn   | Place    | Note
-------+----------+-------------------------------------------
     0 | D:1      | CcS the Octopode Transmuter began the quest for the Orb.
     0 | D:1      | Reached XP level 1. HP: 13/13 MP: 3/3
   308 | D:1      | HP: 3/13 [bat (1)]
   313 | D:1      | Reached XP level 2. HP: 4/18 MP: 5/5
   683 | D:1      | Reached skill level 1 in Stealth
   962 | D:1      | Reached XP level 3. HP: 22/23 MP: 6/6
  1131 | D:2      | Found a sacrificial altar of Ru.
  1228 | D:2      | Learned a level 2 spell: Sticks to Snakes
  1232 | D:2      | Learned a level 3 spell: Spider Form
  1343 | D:2      | Reached XP level 4. HP: 29/29 MP: 0/7
  1676 | D:2      | Reached skill level 2 in Stealth
  2159 | D:2      | Found a shimmering altar of Xom.
  2258 | D:2      | Reached skill level 4 in Unarmed Combat
  2258 | D:2      | Reached XP level 5. HP: 30/34 MP: 4/8
  2308 | D:2      | Reached skill level 2 in Fighting
  2409 | D:2      | Reached skill level 3 in Dodging
  2409 | D:2      | Reached skill level 3 in Stealth
  2832 | D:2      | Reached skill level 6 in Fighting
  2832 | D:2      | Reached skill level 9 in Unarmed Combat
  2832 | D:2      | Reached skill level 6 in Transmutations
  2832 | D:2      | Reached XP level 6. HP: 47/47 MP: 9/9
  2865 | D:3      | Found an iron altar of Okawaru.
  2878 | D:3      | Found a white marble altar of Elyvilon.
  3374 | D:3      | Found a glowing silver altar of Zin.
  3381 | D:3      | Found a burning altar of Makhleb.
  3384 | D:3      | Found a hazy altar of Hepliaklqana.
  3667 | D:4      | Noticed CcS's ghost (amateur OpTm)
  3691 | D:4      | Killed CcS's ghost
  3691 | D:4      | Reached XP level 7. HP: 53/53 MP: 6/10
  4059 | D:4      | Found an oddly glowing altar of Pakellas.
  4276 | D:4      | Reached skill level 4 in Stealth
  4277 | D:4      | Reached skill level 5 in Stealth
  4277 | D:4      | Reached XP level 8. HP: 58/58 MP: 8/11
  4302 | D:4      | Learned a level 4 spell: Ice Form
  4713 | D:4      | Reached skill level 10 in Unarmed Combat
  4873 | D:5      | Entered Level 5 of the Dungeon
  5016 | D:5      | Reached skill level 1 in Ice Magic
  5138 | D:5      | Found a hide-covered altar of Uskayaw.
  5596 | D:5      | Reached skill level 4 in Dodging
  6180 | D:6      | Found a sand-covered staircase.
  6258 | D:6      | Reached skill level 2 in Ice Magic
  6258 | D:6      | Reached XP level 9. HP: 45/63 MP: 8/12
  6354 | Ossuary  | Entered an ossuary
  6914 | D:6      | Reached skill level 3 in Ice Magic
  6943 | D:6      | Found Muohoap's Assorted Antiques.
  6959 | D:6      | Bought a scroll labeled DAUMAO DIURUT for 34 gold pieces
  7442 | D:6      | Reached skill level 4 in Ice Magic
  7689 | D:7      | You fall through a shaft!
  7839 | D:8      | Reached skill level 5 in Ice Magic
  8069 | D:8      | Reached skill level 6 in Ice Magic
  8298 | D:8      | Noticed a hill giant
  8308 | D:8      | Killed a hill giant
  8308 | D:8      | Reached skill level 7 in Fighting
  8308 | D:8      | Reached XP level 10. HP: 56/71 MP: 4/13
  8330 | D:8      | Reached skill level 7 in Transmutations
  8605 | D:8      | Found a sparkling altar of Nemelex Xobeh.
  9021 | D:7      | Noticed Joseph
  9115 | D:7      | Found a staircase to the Ecumenical Temple.
  9120 | Temple   | Entered the Ecumenical Temple
  9609 | D:7      | Noticed Pikel
  9846 | D:7      | Killed Pikel
  9958 | D:7      | Noticed a cyan ugly thing
 10345 | D:7      | Found Nazxoal's Weapon Boutique.
 10443 | D:7      | Reached skill level 5 in Dodging
 10595 | D:7      | Found a snail-covered altar of Cheibriados.
 10614 | D:7      | Became a worshipper of Cheibriados the Contemplative
 10675 | D:7      | Killed a cyan ugly thing
 10675 | D:7      | Reached skill level 11 in Unarmed Combat
 10677 | D:7      | HP: 21/85 [steam dragon/ball of steam (12)]
 10938 | D:7      | Found a basalt altar of Yredelemnul.
 11349 | D:7      | Gained mutation: You are robust. (+10% HP) [potion of mutation]
 11349 | D:7      | Gained mutation: You tend to lose your temper in combat. [potion of mutation]
 11349 | D:7      | Gained mutation: You regenerate slowly when monsters are visible. [potion of mutation]
 11356 | D:7      | HP: 22/94 [Joseph/uncursed quarterstaff of crushing (12)]
 11364 | D:7      | HP: 12/94 [Joseph/uncursed quarterstaff of crushing (10)]
 11366 | D:7      | Killed Joseph
 11366 | D:7      | Reached XP level 11. HP: 20/83 MP: 14/14
 11375 | D:7      | Gained mutation: You are weak. (Str -2) [potion of mutation]
 11375 | D:7      | Lost mutation: You are robust. (+10% HP) [potion of mutation]
 11376 | D:7      | Gained mutation: One of your tentacles bears a spike. [potion of mutation]
 11376 | D:7      | Lost mutation: You regenerate slowly when monsters are visible. [potion of mutation]
 11376 | D:7      | Gained mutation: Your spells are a little harder to cast, but a little more powerful. [potion of mutation]
 11931 | D:9      | Reached * piety under Cheibriados
 12428 | D:9      | Found a shattered altar of Ashenzari.
 12462 | D:9      | Reached ** piety under Cheibriados
 12465 | D:9      | Reached skill level 8 in Fighting
 12556 | D:9      | Found a glowing golden altar of the Shining One.
 12575 | D:9      | HP: 11/92 [troll (15)]
 13387 | D:10     | Entered Level 10 of the Dungeon
 13511 | D:10     | Reached *** piety under Cheibriados
 13632 | D:10     | Noticed a hill giant
 13642 | D:10     | Killed a hill giant
 13642 | D:10     | Reached skill level 8 in Transmutations
 13752 | D:10     | Reached skill level 12 in Unarmed Combat
 13772 | D:10     | Noticed a hill giant
 13780 | D:10     | Killed a hill giant
 13796 | D:10     | Noticed a hill giant
 13987 | D:10     | Killed a hill giant
 13987 | D:10     | Reached skill level 1 in Invocations
 14067 | D:10     | Learned a level 4 spell: Passage of Golubria
 14172 | D:10     | Reached skill level 2 in Invocations
 14333 | D:10     | Noticed an orc knight
 14345 | D:10     | Killed an orc knight
 14345 | D:10     | Reached skill level 1 in Translocations
 14765 | D:11     | Found a staircase to the Orcish Mines.
 14953 | D:11     | Found a staircase to the Lair.
 14966 | D:11     | Reached **** piety under Cheibriados
 15187 | D:11     | Reached skill level 3 in Invocations
 15428 | Lair:1   | Entered Level 1 of the Lair of Beasts
 15428 | Lair:1   | Noticed a seven-headed hydra
 15497 | Lair:1   | HP: 23/93 [seven-headed hydra (11)]
 15499 | Lair:1   | HP: 1/93 [crocodile (12)]
 15499 | Lair:1   | Slain by a seven-headed hydra

Vault maps used:
D:1:      evilmike_arrival_rings
D:2:      tgw_xom, old_standard_altar
D:3:      lemuel_crystal_altar, nicolae_overflow_crystal_walls,
          minmay_overflow_temple_star_quad, kennysheep_generic_room_13
D:4:      grunt_pakellas_mercury, first_bread, kennysheep_minor_cross,
          kennysheep_generic_room_12
D:5:      wad_woods_stonehenge
D:6:      lemuel_ratsnest, serial_shops, shop, nicolae_ossuary_entry_giza
D:7:      minmay_blocky_corners, cheibrodos_worm_habitat, lemuel_round_altar,
          serial_shops, nicolae_shop_waterfront, uniq_joseph, uniq_pikel
D:8:      nemelex_altar_shiori, grunt_livestock
D:9:      lemuel_crystal_altar, old_standard_altar
D:10:     cheibrodos_orc_bank
D:11:     erik_lair_orcish_takeover, orc_0_dummy
Temple:   compressed_dpeg_triangle_lava_temple
Lair:1:   beast_lair_carwin_large_4, hibernation_bobbens,
          infiniplex_staircase_pool
Ossuary:  ossuary_tomb_3

Skill      XL: |  1  2  3  4  5  6  7  8  9 10 11 |
---------------+----------------------------------+-----
Stealth        | 1 2 3 5 |  5.3
Unarmed Combat | 4 9 10 11 12 | 12.6
Fighting       | 6 7 8 |  8.5
Dodging        | 3 4 5 |  5.7
Transmutations | 6 7 8 |  8.1
Ice Magic      | 2 6 |  6.1
Invocations    | 3 |  3.1
Translocations | 1 |  1.9
Spellcasting   | |  2.0

Action                   |  1- 3 |  4- 6 |  7- 9 | 10-12 || total
-------------------------+-------+-------+-------+-------++-------
Melee: Unarmed           |    77 |   128 |   403 |   394 ||  1002
       Constrict         |    19 |    15 |    41 |     3 ||    78
       Punch             |     1 |     2 |    23 |       ||    26
       Tentacles         |    10 |     8 |    38 |     5 ||    61
       Kick              |     5 |       |       |     2 ||     7
 Cast: Beastly Appendage |     4 |     2 |       |       ||     6
       Spider Form       |     1 |     9 |    16 |       ||    26
       Ice Form          |       |       |    10 |    46 ||    56
  Use: Scroll            |       |     6 |    11 |     5 ||    22
       Potion            |       |     1 |       |    16 ||    17
 Stab: Sleeping          |     4 |     5 |    20 |     8 ||    37
       Distracted        |       |       |     4 |       ||     4
       Invisible         |       |       |       |     5 ||     5
  Eat: Chunk             |     1 |     6 |    17 |     8 ||    32
       Bread ration      |       |     1 |       |     3 ||     4
       Royal jelly       |       |       |     1 |       ||     1
       Beef jerky        |       |       |       |     3 ||     3
       Meat ration       |       |       |       |     1 ||     1
Armor: Skin              |    12 |     4 |    17 |    84 ||   117
Dodge: Dodged            |    68 |   119 |   176 |   263 ||   626

Vault maps used:
D:1:      evilmike_arrival_rings
D:2:      tgw_xom, old_standard_altar
D:3:      lemuel_crystal_altar, nicolae_overflow_crystal_walls,
          minmay_overflow_temple_star_quad, kennysheep_generic_room_13
D:4:      grunt_pakellas_mercury, first_bread, kennysheep_minor_cross,
          kennysheep_generic_room_12
D:5:      wad_woods_stonehenge
D:6:      lemuel_ratsnest, serial_shops, shop, nicolae_ossuary_entry_giza
D:7:      minmay_blocky_corners, cheibrodos_worm_habitat, lemuel_round_altar,
          serial_shops, nicolae_shop_waterfront, uniq_joseph, uniq_pikel
D:8:      nemelex_altar_shiori, grunt_livestock
D:9:      lemuel_crystal_altar, old_standard_altar
D:10:     cheibrodos_orc_bank
D:11:     erik_lair_orcish_takeover, orc_0_dummy
Temple:   compressed_dpeg_triangle_lava_temple
Lair:1:   beast_lair_carwin_large_4, hibernation_bobbens,
          infiniplex_staircase_pool
Ossuary:  ossuary_tomb_3

Table legend:
 A = Turns spent in this place as a percentage of turns spent in the entire game.
 B = Non-inter-level travel turns spent in this place as a percentage of non-inter-level travel turns spent in the entire game.
 C = Inter-level travel turns spent in this place as a percentage of turns spent in this place.
 D = Turns resting spent in this place as a percentage of non-inter-level travel turns spent in this place.
 E = Turns spent auto-exploring this place as a percentage of non-inter-level travel turns spent in this place.
 F = Non-inter-level travel turns spent in this place divided by the number of levels of this place that you've seen.
                   A       B       C       D       E      F
               +-------+-------+-------+-------+-------+----------------------
         Total | 100.0 | 100.0 |   0.3 |   4.8 |   9.3 | 357.1
       Dungeon |  95.6 |  95.6 |   0.3 |   4.9 |   9.1 | 434.5
        Temple |   0.4 |   0.4 |   5.3 |   0.0 |  50.0 |  18.0
          Lair |   0.6 |   0.6 |   0.0 |   0.0 |   0.0 |  28.0
       Ossuary |   3.5 |   3.5 |   0.0 |   4.6 |  11.5 | 174.0
               +-------+-------+-------+-------+-------+----------------------

Table legend:
 A = Kills in this place as a percentage of kills in entire the game.
 B = Kills by you in this place as a percentage of kills by you in the entire game.
 C = Kills by friends in this place as a percentage of kills by friends in the entire game.
 D = Other kills in this place as a percentage of other kills in the entire game.
 E = Experience gained in this place as a percentage of experience gained in the entire game.
 F = Experience gained in this place divided by the number of levels of this place that you have seen.
                   A       B       C       D       E      F
               +-------+-------+-------+-------+-------+----------------------
         Total | 100.0 | 100.0 |  -nan | 100.0 | 100.0 | 1291.2
       Dungeon |  95.5 |  95.5 |  -nan | 100.0 |  98.8 | 1624.3
          Lair |   0.3 |   0.3 |  -nan |   0.0 |   0.3 |  58.0
       Ossuary |   4.2 |   4.3 |  -nan |   0.0 |   0.8 | 152.0
               +-------+-------+-------+-------+-------+----------------------
